 Dungeon Crawl Stone Soup version 0.25.0-1-g7eea58d (webtiles) character file.

Game seed: 7930925804532447191

29 ratboy the Firebug (level 3, 0/21 HPs)
             Began as a Gargoyle Fire Elementalist on June 13, 2020.
             Slain by an iguana (8 damage)
             ... on level 2 of the Dungeon.
             The game lasted 00:03:53 (1300 turns).

ratboy the Firebug (Gargoyle Fire Elementalist)     Turns: 1300, Time: 00:03:53

Health: 0/21       AC:  5    Str: 11    XL:     3   Next: 16%
Magic:  0/7        EV: 12    Int: 16    God:
Gold:   45         SH:  0    Dex: 10    Spells: 6/7 levels left

rFire    . . .     SeeInvis .   k - +0 dagger
rCold    . . .     Gourm    .   (no shield)
rNeg     + . .     Faith    .   a - +0 robe
rPois    ∞         Spirit   .   (no helmet)
rElec    +         Reflect  .   (no cloak)
rCorr    .         Harm     .   (no gloves)
MR       .....                  (no boots)
Stlth    ++........             (no amulet)
HPRegen  0.07/turn              (no ring)
MPRegen  0.10/turn              (no ring)

@: no status effects
A: negative energy resistance 1, electricity resistance, unbreathing,
petrification resistance, rot immunity, AC +3
a: no special abilities


You were on level 2 of the Dungeon.
You were hungry.

You visited 1 branch of the dungeon, and saw 2 of its levels.

You collected 45 gold pieces.

Inventory:

Hand Weapons
 k - a +0 dagger (weapon)
Missiles
 h - 32 bolts
 m - 23 stones (quivered)
Armour
 a - a +0 robe (worn)
Scrolls
 d - a scroll of teleportation
 e - 3 scrolls of remove curse
 g - a scroll of enchant armour {unknown}
 j - 2 scrolls of identify {unknown}
 l - a scroll of enchant weapon {unknown}
Potions
 b - 2 potions of degeneration {unknown}
 f - a potion of cancellation {unknown}
Comestibles
 c - 6 rations
 i - 2 chunks of flesh


   Skills:
 + Level 2.0 Fighting
 - Level 1.5 Dodging
 - Level 2.1 Stealth
 + Level 2.7 Spellcasting
 - Level 1.1 Conjurations
 - Level 3.0 Fire Magic


You had 6 spell levels left.
You knew the following spells:

 Your Spells              Type           Power        Failure   Level  Hunger
a - Foxfire               Conj/Fire      #...         9%          1    #......

Your spell library contained the following spells:

 Spells                   Type           Power        Failure   Level  Hunger
 Conjure Flame            Conj/Fire      #.......     26%         3    ###....
 Inner Flame              Hex/Fire       #.......     30%         3    ###....
 Sticky Flame             Conj/Fire      #.......     63%         4    #####..
 Fireball                 Conj/Fire      #.........   93%         5    ######.


Dungeon Overview and Level Annotations

Branches:
Dungeon (2/15)

Altars:
Hepliaklqana


Innate Abilities, Weirdness & Mutations

You are resistant to torment.
Your stone body is resilient. (AC +3)
You are immune to poison.
You resist negative energy. (rN+)
You are resistant to electric shocks. (rElec)
You can survive without breathing.
You are immune to petrification.
You are immune to rotting.


Message History

The iguana hisses menacingly.
The iguana barely misses you.
Casting: Foxfire (safe; 9% risk of failure)
Confirm with . or Enter, or press ? or * to list all spells.
You conjure some foxfire!
* * * LOW MAGIC WARNING * * *
The foxfire hits the iguana but does no damage.
The iguana is almost dead.
The foxfire hits the iguana.
The iguana is almost dead.
You hit the iguana but do no damage.
The iguana is almost dead.
The iguana bites you.
* * * LOW HITPOINT WARNING * * *
Your magical contamination has completely faded away.
Casting: Foxfire (safe; 9% risk of failure)
Confirm with . or Enter, or press ? or * to list all spells.
You don't have enough magic to cast that spell.
The iguana bites you!
You die...

#.............# #.............#
#.............# #####.....<.......#
#.................#
#.................#
#############...>.............#
............#.................#####
..........÷....(.9l....w...>#......
####.###....#....#.....####.#......
# #...+.........#.....# #.#.<.... #
###########...#.....####.#...... #
##..#.....##...#.w.... # #.##.....#
#........ # ..##.....# #.###.##. #
## #.....# #.#....#. ### #.....#..


You could see a worm and an iguana.

Vanquished Creatures
  An ooze (D:2)
  2 dart slugs
  6 bats
  A giant cockroach (D:2)
  A goblin (D:1)
  2 hobgoblins
  3 frilled lizards
  3 kobolds (D:1)
  3 rats
22 creatures vanquished.

Vanquished Creatures (others)
  62 foxfires
62 creatures vanquished.

Grand Total: 84 creatures vanquished

Notes
Turn   | Place    | Note
-------+----------+-------------------------------------------
     0 | D:1      | ratboy the Gargoyle Fire Elementalist began the quest for
                  | the Orb.
     0 | D:1      | Reached XP level 1. HP: 10/10 MP: 3/3
   356 | D:1      | Reached skill level 1 in Fighting
   356 | D:1      | Reached XP level 2. HP: 16/16 MP: 3/5
   934 | D:1      | non-optimal play!
  1048 | D:2      | Reached XP level 3. HP: 21/21 MP: 2/6
  1112 | D:2      | Found a hazy altar of Hepliaklqana.
  1300 | D:2      | Slain by an iguana

Illustrated notes

#..........# #.......# ##.
#.########## ####.....# #.. #.#
#........# #####.. #.# #.####.###
#...... #.####### #.# #.# #.##.#.
#.......# #.# #.# #.#.... #######.#
#.# #.# #......
##################.################
#................9................#
#.................................#
#...##...####...#####...#######.÷.#
#...##...# #...# #...# #...#
#........####...# #...# #...#
#......<........#####...# #...#
#.......................#######...#
#...#######......÷................#
#...# #...#####........>......#


Turn 934 on D:1: non-optimal play!

Levels and vault maps discovered:
D:1:      dpeg_arrival_boxorama, layout_loops_ring
D:2:      layout_basic, zin_treasury, marbit_many_paths, old_standard_altar,
          first_ration, minmay_fractal_squares_gapless_5

Skill      XL: |  1  2  3 |
---------------+----------+-----
Fighting       | 1 2 |  2.0
Dodging        | |  1.5
Stealth        | |  2.1
Spellcasting   | |  2.7
Conjurations   | |  1.1
Fire Magic     | |  3.0

Action                   || total
-------------------------++-------
Melee: Unarmed           ||    12
       Dagger            ||    25
 Cast: Foxfire           ||    41
  Use: Scroll            ||     2
  Eat: Chunk             ||     1
Armor: Robe              ||    14
Dodge: Dodged            ||    32
